 Dungeon Crawl Stone Soup version 0.28-a0-43-g560ac104fe (webtiles) character file.

Game seed: 7459327141516653755

781 rageheart7 the Skirmisher (level 7, -2/60 HPs)
             Began as a Demonspawn Gladiator on July 29, 2021.
             Was an Initiate of Ashenzari.
             Slain by Duvessa (9 damage)
             ... on level 5 of the Dungeon.
             The game lasted 00:13:08 (5763 turns).

rageheart7 the Skirmisher (Demonspawn Gladiator)    Turns: 5763, Time: 00:13:09

Health: -2/60      AC:  6    Str: 16    XL:     7   Next: 55%
Magic:  7/7        EV: 11    Int: 12    God:    Ashenzari [......]
Gold:   977        SH:  5    Dex: 14    Spells: 6/6 levels left

rFire   . . .      SeeInvis .   g - +0 dagger (venom)
rCold   . . .      Faith    .   q - +0 buckler
rNeg    . . .      Spirit   .   y - +1 ring mail of Supernal Understanding {Will+, Melee, Cun} (curse)
rPois   +          Reflect  .   (helmet restricted)
rElec   .          Harm     .   (no cloak)
rCorr   .          Rampage  .   (no gloves)
Will    +....                   (no boots)
Stlth   +.........              (no amulet)
HPRegen 0.20/turn               r - ring of poison resistance
MPRegen 0.10/turn               b - ring of wizardry

@: no status effects
A: antennae 1, foul stench 1, big brain 1
a: Renounce Religion, Shatter the Chains


You were on level 5 of the Dungeon.
You worshipped Ashenzari.
Ashenzari was noncommittal.
You visited 1 branch of the dungeon, and saw 5 of its levels.

You collected 977 gold pieces.

Inventory:

Hand Weapons
 a - a +0 quarterstaff
 g - a +0 dagger of venom (weapon)
Missiles
 d - 3 throwing nets (quivered)
Armour
 q - a +0 buckler (worn)
 y - the cursed +1 ring mail of Supernal Understanding (worn) {Will+, Melee, Cun}
   (You took it off Ijyb on level 4 of the Dungeon)

   It has a curse which improves the following skills: Melee Combat: Short
   Blades, Long Blades, Axes, Maces & Flails, Polearms, Staves and Unarmed
   Combat.
   Cunning:   Dodging and Stealth.
Magical Staves
 c - a staff of fire
Jewellery
 b - a ring of wizardry (right hand)
 r - a ring of poison resistance (left hand)
Wands
 s - a wand of paralysis (1)
 x - a wand of flame (8)
Scrolls
 f - 3 scrolls of magic mapping
 j - a scroll of blinking
 l - 3 scrolls of amnesia
 m - a scroll of fog
 o - 2 scrolls of teleportation
Potions
 e - a potion of flight
 k - a potion of haste
 n - a potion of lignification
 t - 2 potions of curing
 w - 2 potions of mutation


   Skills:
 * Level 7.5 Fighting
 - Level 2.9(3.3) Staves
 - Level 1.7 Throwing
 - Level 2.6(3.1) Dodging
 + Level 3.5 Shields


You had 6 spell levels left.
You didn't know any spells.
Your spell library contained the following spells:

 Spells                   Type           Power      Damage    Failure   Level
 Sandblast                Erth           0%         2d4       26%         1
 Passwall                 Tmut/Erth      0%         N/A       38%         2
 Lee's Rapid Deconstruct  Erth           0%         3d5*      99%         5


Dungeon Overview and Level Annotations

Branches:
Dungeon (5/15)
 Temple: D:4-7

Altars:
Ashenzari
Fedhas
Gozag
Uskayaw
Xom

Shops:
D:2 *!=:[

Annotations:
D:5 Dowan, Duvessa


Innate Abilities, Weirdness & Mutations

You have a pair of small antennae on your head.
You may rarely emit foul miasma when damaged in melee.
You have an unusually large brain. (Int +2)


Message History

There are monsters nearby!
Dowan mumbles some strange words.
Dowan blinks!
You block Duvessa's attack.
You hit Duvessa but do no damage.
Duvessa is poisoned.
Duvessa hits you with a +0 short sword!
You emit a cloud of foul miasma!
You hit Duvessa but do no damage.
Duvessa looks as sick as possible!
Duvessa is engulfed in dark miasma.
Duvessa looks as sick as possible!
You block Duvessa's attack.
You hit Dowan.
Dowan is lightly wounded.
Dowan hits you with a +1 dagger of venom.
Duvessa barely misses you.
You hit Dowan.
Dowan is moderately wounded.
Dowan barely misses you. Duvessa hits you with a +0 short sword.
You hit Dowan but do no damage.
Dowan is poisoned.
Dowan is moderately wounded.
Dowan barely misses you. Duvessa hits you with a +0 short sword.
You hit Dowan but do no damage.
Dowan looks as sick as possible!
Dowan is moderately wounded.
Dowan barely misses you. Duvessa hits you with a +0 short sword!
You hit Dowan.
Dowan looks as sick as possible!
Dowan is heavily wounded.
Dowan hits you with a +1 dagger of venom.
Duvessa hits you with a +0 short sword.
You hit Dowan but do no damage.
Dowan looks as sick as possible!
Dowan is heavily wounded.
Dowan hits you but does no damage. Duvessa hits you with a +0 short sword!
You barely miss Dowan.
Dowan is severely wounded.
Dowan points at you and mumbles some strange words.
The puff of flame hits you.
* * * LOW HITPOINT WARNING * * *
Duvessa hits you with a +0 short sword!
* * * LOW HITPOINT WARNING * * *
As you read the scroll of magic mapping, it crumbles to dust.
You feel aware of your surroundings. You block Dowan's attack.
Duvessa hits you with a +0 short sword!
You die...

*** #..## *,,***, ##..#
**,**,, #..##### *,,,,,
#......## *,,,,, #.......#
**,,,,, *** #...#...# *,,,,,,
*.##** ##...#### *,....,
*#...###* #e).# **,...e,
#......###@..## *,,.....
#........#.e..# **,,.>...
*#............# *,......e
#......###...## *#...#...
#####..##### #....#
*#...#**#. #..###**
#....###...#* *# ##..##
#.....#...#****## #...###
##.........#**....
##....######.........#**,....


You could see Duvessa (very poisoned) and Dowan (extremely poisoned).

Vanquished Creatures
  Grinder (D:4)
  A water moccasin (D:4)
  A wyvern zombie (D:5)
  A water moccasin skeleton (D:5)
  A howler monkey (D:4)
  A jelly (D:5)
  An orc priest (D:5)
  2 hounds
  Ijyb (D:4)
  An iguana (D:5)
  An orc wizard (D:5)
  Robin (D:2)
  2 adders
  A shadow imp (D:4)
  2 adder skeletons
  2 worms (D:2)
  8 orcs
  7 ball pythons
  6 bats
  6 endoplasms
  2 giant cockroaches
  17 goblins
  14 hobgoblins
  4 jackals (D:3)
  5 kobolds
  A quokka (D:1)
  4 frilled lizards
  2 rats
96 creatures vanquished.

Notes
Turn   | Place    | Note
-------+----------+-------------------------------------------
     0 | D:1      | rageheart7 the Demonspawn Gladiator began the quest for the
                  | Orb.
     0 | D:1      | Reached XP level 1. HP: 16/16 MP: 1/1
   156 | D:1      | Gained mutation: You have an unusually large brain. (Int
                  | +2) [demonic ancestry]
   156 | D:1      | Reached XP level 2. HP: 13/23 MP: 2/2
   574 | D:1      | Reached skill level 3 in Fighting
   730 | D:1      | Found a faded altar of an unknown god.
  1085 | D:2      | Found Kudeq's Distillery.
  1095 | D:2      | Reached XP level 3. HP: 25/29 MP: 3/3
  1220 | D:2      | Found Kogywiho's Jewellery Shoppe.
  1228 | D:2      | Found a blossoming altar of Fedhas.
  1368 | D:2      | Found Seolenn's Book Shoppe.
  1702 | D:2      | Found Nihul's Antique Armour Emporium.
  1776 | D:2      | Found Matuejiu's Assorted Antiques.
  1798 | D:2      | Reached skill level 4 in Fighting
  1902 | D:2      | Noticed Robin
  1922 | D:2      | Reached XP level 4. HP: 36/37 MP: 4/4
  1926 | D:2      | Killed Robin
  2442 | D:3      | Noticed a +0 spear
  2449 | D:3      | Found a hide-covered altar of Uskayaw.
  2449 | D:3      | Noticed a +0 dagger
  2449 | D:3      | Noticed a +0 dagger
  2449 | D:3      | Noticed a +0 short sword
  2451 | D:3      | Noticed a +0 falchion
  2451 | D:3      | Noticed a +0 falchion
  2452 | D:3      | Noticed a +0 spear
  2452 | D:3      | Noticed a +0 short sword
  2513 | D:3      | Found a blossoming altar of Fedhas.
  2516 | D:3      | Found a shimmering altar of Xom.
  2521 | D:3      | Found a broken altar of Ashenzari.
  2525 | D:3      | Became a worshipper of Ashenzari the Shackled
  2725 | D:3      | Found an opulent altar of Gozag.
  2882 | D:4      | Noticed Grinder
  2886 | D:4      | Paralysed by Grinder for 5 turns
  2901 | D:4      | Killed Grinder
  2902 | D:4      | Reached skill level 5 in Fighting
  2902 | D:4      | Reached skill level 1 in Shields
  2902 | D:4      | Reached XP level 5. HP: 36/46 MP: 5/5
  2902 | D:4      | Gained mutation: You may rarely emit foul miasma when
                  | damaged in melee. [demonic ancestry]
  2902 | D:4      | Reached XP level 6. HP: 40/52 MP: 6/6
  2963 | D:4      | Reached skill level 6 in Fighting
  3222 | D:4      | Identified a scroll of acquirement
  3244 | D:4      | Acquired 712 gold pieces
  3636 | D:4      | Noticed a water moccasin
  3644 | D:4      | Killed a water moccasin
  4088 | D:4      | Noticed Ijyb
  4096 | D:4      | Killed Ijyb
  4097 | D:4      | Gained mutation: You have a pair of small antennae on your
                  | head. [demonic ancestry]
  4097 | D:4      | Reached XP level 7. HP: 53/59 MP: 7/7
  4327 | D:5      | Entered Level 5 of the Dungeon
  4909 | D:5      | Reached skill level 7 in Fighting
  5220 | D:5      | Identified the cursed +1 ring mail of Supernal
                  | Understanding {Will+, Melee, Cun} (You took it off Ijyb on
                  | level 4 of the Dungeon)
  5466 | D:5      | Noticed Dowan
  5466 | D:5      | Noticed Duvessa
  5763 | D:5      | Slain by Duvessa

Illustrated notes

Levels and vault maps discovered:
D:1:      nicolae_arrival_memento_mori, layout_basic,
          shapermc_ecumenical_altar_mp_highgroup
D:2:      layout_basic, serial_shops, nicolae_shop_behind_doors, shop_coins,
          shop_fountains, shop_fountains, shop, basic_altar, uniq_robin
D:3:      layout_basic, nicolae_uskayaw_en_pointe,
          grunt_temple_overflow_diamond, lemuel_coloured_pillars_altar,
          minmay_statues_item
D:4:      layout_loops_cross, uniq_grinder, uniq_ijyb
D:5:      layout_cave_pods, solitary_fountain, uniq_duvessa

Skill      XL: |  1  2  3  4  5  6  7 |
---------------+----------------------+-----
Fighting       | 3 4 5 6 7 |  7.5
Shields        | 1 2 3 |  3.5
Staves         | |  2.9
Throwing       | |  1.7
Dodging        | |  2.6

Action                   |  1- 3 |  4- 6 |  7- 9 || total
-------------------------+-------+-------+-------++-------
Melee: Dagger            |   119 |   163 |   111 ||   393
       Quarterstaff      |    10 |       |       ||    10
Invok: Curse Item        |       |       |     1 ||     1
Evoke: Wand              |       |     8 |     9 ||    17
  Use: Scroll            |       |     1 |     1 ||     2
       Potion            |       |       |     4 ||     4
 Stab: Sleeping          |     1 |       |       ||     1
       Paralysed         |       |    12 |       ||    12
Armor: Leather armour    |    29 |    47 |       ||    76
       Ring mail         |       |     6 |    23 ||    29
       Skin              |       |       |    11 ||    11
Dodge: Dodged            |    90 |   107 |    42 ||   239
Block: Buckler           |       |    10 |    16 ||    26

Table legend: (Time is in decaauts)
 A = Elapsed time spent in this place.
 B = Non-inter-level travel time spent in this place.
 C = Inter-level travel time spent in this place.
 D = Time resting spent in this place.
 E = Time spent auto-exploring this place.
 F = Levels seen in this place.
 G = Mean time per level.
                   A        B        C        D        E       F      G
               +--------+--------+--------+--------+--------+-----+--------+
         Total |   5771 |   5432 |    339 |     54 |   4434 |   5 | 1154.2 |
       Dungeon |   5771 |   5432 |    339 |     54 |   4434 |   5 | 1154.2 |
               +--------+--------+--------+--------+--------+-----+--------+

Top non-repeatable levels by time:
     D:4: 1754 daAuts
     D:5: 1142 daAuts
     D:1: 1086 daAuts
     D:2: 1039 daAuts
     D:3: 748 daAuts
